Inferno vs Coutelas

Created - December 10, 2020 at 20:18

Goals
1 2 3 OT1 T
Inferno 0 1 2 1 4
Coutelas 1 1 1 0 3
Shots
1 2 3 OT1 T
Inferno 7 9 16 1 33
Coutelas 10 14 15 0 39

1st period

1. Coutelas , Oliver Bjorkstrand 3 (Tanner Richard 14) at 4:15

Penalties :
Greg Pateryn (Anc) for High sticking (Minor) at 4:37, Greg Pateryn (Anc) for Holding (Minor) at 18:40

2nd period

2. Coutelas , Teemu Pulkkinen 8 (Dustin Kohn 25, Tanner Richard 15) at 2:18 (PP)
3. Inferno , Esa Lindell 7 (David Savard 12) at 19:40

Penalties :
David Savard (Anc) for Roughing (Minor) at 2:08, Frank Corrado (Anc) for Holding (Minor) at 9:54, Greg Pateryn (Anc) for Holding Stick (Minor) at 15:50

3rd period

4. Coutelas , Tanner Richard 8 (Teemu Pulkkinen 11, Dustin Kohn 26) at 0:40
5. Inferno , Ryan Spooner 7 (Esa Lindell 17, Jake DeBrusk 9) at 15:57
6. Inferno , Frank Corrado 1 (Tanner Pearson 16, Philip Varone 15) at 19:34

Penalties :
Ben Harpur (MDÉ) for Roughing (Minor) at 1:25, Dustin Kohn (MDÉ) for Hooking (Minor) at 6:06, Teemu Pulkkinen (MDÉ) for Tripping (Minor) at 16:22

Overtime #1

7. Inferno , Philip Varone 17 (Esa Lindell 18) at 0:08

Penalties :
No Penalty

Goalie Stats

Michael Hutchinson (Anc), 36 saves from 39 shots - (0.923), W, 10-5-4, 59:40 minutes
Joe Cannata (MDÉ), 29 saves from 33 shots - (0.879), OTL, 8-6-2, 60:08 minutes

Players Stats for Inferno

Player Name              G  A  P  +/- PIM S  H  SB GA TA FO     MP     PP MP  PK MP  
------------------------------------------------------------------------------------
Barclay Goodrow          0  0  0   0  0   3  0  0  0  0  0/0    10:53   0:00   4:42 
Chris Brown              0  0  0   0  0   0  0  1  1  0  1/3     7:56   0:00   1:02 
David Savard             0  1  1   1  2   0  2  1  0  1  0/0    26:55   3:30   4:25 
Esa Lindell              1  2  3   1  0   4  3  2  1  1  0/0    26:56   3:30   4:25 
Evgeny Svechnikov        0  0  0   2  0   0  0  0  2  0  0/0    14:27   2:44   0:00 
Frank Corrado            1  0  1   1  2   2  1  1  0  0  0/0    13:45   0:00   2:38 
Greg Pateryn             0  0  0   0  6   2  3  2  0  0  0/0    19:52   2:27   1:03 
Jake DeBrusk             0  1  1   1  0   0  1  1  0  0  0/0    15:25   2:32   1:01 
Kevin Labanc             0  0  0  -1  0   8  0  2  1  0  0/0    18:19   3:10   0:00 
Mathieu Brodeur          0  0  0   0  0   1  2  1  0  0  0/0    22:18   2:27   3:41 
Matthew Nieto            0  0  0   0  0   0  1  1  0  1  0/0    15:24   0:18   2:16 
Peter Cehlarik           0  0  0   0  0   1  0  0  0  0  0/0     6:11   0:00   0:00 
Petteri Lindbohm         0  0  0   1  0   1  0  0  0  0  0/0    10:54   0:00   0:00 
Philip Varone            1  1  2   1  0   5  4  0  0  0  20/42  20:24   0:00   4:35 
Ryan Spooner             1  0  1   1  0   3  0  0  0  1  2/5    16:40   2:32   2:36 
Tanner Pearson           0  1  1   1  0   2  4  1  0  0  1/2    18:41   3:22   0:00 
Tyler Shattock           0  0  0   0  0   1  0  1  0  0  0/0    12:18   0:00   0:00 
Victor Rask              0  0  0   0  0   0  1  1  1  0  2/10   15:03   3:13   0:00 

Players Stats for Coutelas

Player Name              G  A  P  +/- PIM S  H  SB GA TA FO     MP     PP MP  PK MP  
------------------------------------------------------------------------------------
Ben Harpur               0  0  0  -2  2   1  3  3  0  1  0/0    27:08   5:49   2:38 
Brendan Lemieux          0  0  0  -1  0   5  0  0  1  1  0/0    16:59   3:26   0:52 
Calle Andersson          0  0  0   1  0   0  0  0  0  0  0/0     5:09   0:00   0:00 
Colin White              0  0  0   0  0   0  0  0  0  0  0/0     0:12   0:11   0:00 
Duncan Siemens           0  0  0   0  0   0  0  0  0  1  0/0     9:16   0:00   0:43 
Dustin Kohn              0  2  2  -2  2   2  6  2  2  0  0/0    26:25   5:49   2:12 
Julius Honka             0  0  0   1  0   1  0  0  0  0  0/0     5:09   0:00   0:00 
Juraj Mikus              0  0  0  -1  0   3  1  0  0  0  7/10   16:59   3:26   0:52 
Kurtis Gabriel           0  0  0   0  0   1  2  0  0  0  0/0    10:32   0:00   0:00 
Mattias Janmark          0  0  0   0  0   4  0  0  0  1  0/0    10:32   0:00   0:00 
Mike Amadio              0  0  0   0  0   5  0  0  0  0  2/5    10:32   0:00   0:00 
Mike Reilly              0  0  0  -1  0   0  1  1  0  0  0/0    18:42   2:17   2:26 
Mikhail Grigorenko       0  0  0  -1  0   5  0  1  1  0  3/4     9:20   0:00   0:57 
Myles Bell               0  0  0  -1  0   0  1  1  0  0  0/0     8:30   0:00   0:36 
Nick Mattson             0  0  0  -1  0   0  1  1  0  1  0/0    18:42   2:17   2:26 
Nick Paul                0  0  0   0  0   0  0  0  0  0  0/0     0:22   0:21   0:00 
Nikita Scherbak          0  0  0  -1  0   0  1  0  0  0  1/1     7:35   0:00   0:00 
Oliver Bjorkstrand       1  0  1   1  0   3  2  0  0  1  0/0    18:29   4:29   0:00 
Patrick Russell          0  0  0   0  0   0  0  0  0  0  0/0     2:05   0:00   1:46 
Patrick Sieloff          0  0  0   0  0   0  2  0  0  0  0/0    10:32   0:00   1:29 
Rhett Rakhshani          0  0  0  -1  0   0  2  0  0  0  0/0    16:07   3:26   0:00 
Ross Johnston            0  0  0   0  0   0  0  0  0  0  0/0     1:43   0:00   1:43 
Tanner Richard           1  2  3   0  0   5  2  0  0  0  21/38  21:26   4:19   2:58 
Teemu Pulkkinen          1  1  2   0  2   4  2  0  0  0  2/4    22:06   4:40   2:10 
Zach Whitecloud          0  0  0   0  0   0  0  0  0  0  0/0     0:00   0:00   0:00 

3 Stars

1 - Esa Lindell (Anc)
2 - Philip Varone (Anc)
3 - Tanner Richard (MDÉ)

Power Play

Inferno - 0 on 3 Attempt(s) - 0.00%
Coutelas - 1 on 5 Attempt(s) - 20.00%

Penalty Kill

Inferno - 4 on 5 Attempt(s) - 80.00% - Score 0 goal in Penalty Kill
Coutelas - 3 on 3 Attempt(s) - 100.00% - Score 0 goal in Penalty Kill

Team Stat

Inferno - Hits : 22 - Faceoff Wins : 26 - Blocked Shots : 15 - Penalty Minutes : 10
Coutelas - Hits : 26 - Faceoff Wins : 36 - Blocked Shots : 9 - Penalty Minutes : 6

Official

Referees : Unknown
Linesman : Unknown

Game Notes

No Game Note

Finance

Level 1 -- Attendance: 1274 (63.70%) -- Ticket Income $50,960
Level 2 -- Attendance: 613 (61.30%) -- Ticket Income $12,260
Total Attendance: 1887 (62.90%)
Total Ticket Income: $63,220
Other Income: $3,161
Total Income: $66,381

Inferno

5 vs 5 Forward 
   Center                   Left Wing                Right Wing               Time % Phy DF OF 
 1 Philip Varone            Tanner Pearson           Kevin Labanc             40     1   2  2  
 2 Victor Rask              Matthew Nieto            Tyler Shattock           30     1   2  2  
 3 Ryan Spooner             Jake DeBrusk             Evgeny Svechnikov        20     1   2  2  
 4 Chris Brown              Peter Cehlarik           Barclay Goodrow          10     1   2  2  

5 vs 5 Defense 
   Defense                  Defense                                           Time % Phy DF OF 
 1 David Savard             Esa Lindell                                       40     1   2  2  
 2 Mathieu Brodeur          Greg Pateryn                                      30     1   2  2  
 3 Frank Corrado            Petteri Lindbohm                                  20     1   2  2  
 4 Mathieu Brodeur          Greg Pateryn                                      10     1   2  2  

PowerPlay Forward 
   Center                   Left Wing                Right Wing               Time % Phy DF OF 
 1 Victor Rask              Tanner Pearson           Kevin Labanc             60     1   2  2  
 2 Ryan Spooner             Jake DeBrusk             Evgeny Svechnikov        40     1   2  2  

PowerPlay Defense
   Defense                  Defense                                           Time % Phy DF OF 
 1 David Savard             Esa Lindell                                       60     1   2  2  
 2 Mathieu Brodeur          Greg Pateryn                                      40     1   2  2  

Penalty Kill 4 Players Forward 
   Center                   Wing                     Time % Phy DF OF 
 1 Philip Varone            Barclay Goodrow          60     1   2  2  
 2 Ryan Spooner             Matthew Nieto            40     1   2  2  

Penalty Kill 4 Players Defense
   Defense                  Defense                  Time % Phy DF OF 
 1 David Savard             Esa Lindell              60     1   2  2  
 2 Mathieu Brodeur          Greg Pateryn             40     1   2  2  

Penalty Kill - 3 Players Forward 
   Forward                                           Time % Phy DF OF 
 1 Philip Varone                                     60     1   2  2  
 2 Tanner Pearson                                    40     1   2  2  

Penalty Kill - 3 Players Defense
   Defense                  Defense                  Time % Phy DF OF 
 1 David Savard             Esa Lindell              60     1   2  2  
 2 Mathieu Brodeur          Greg Pateryn             40     1   2  2  

4 vs 4 Forward 
   Center                   Wing                     Time % Phy DF OF 
 1 Philip Varone            Tanner Pearson           60     1   2  2  
 2 Victor Rask              Matthew Nieto            40     1   2  2  

4 vs 4 Defense
   Defense                  Defense                  Time % Phy DF OF 
 1 David Savard             Esa Lindell              60     1   2  2  
 2 Mathieu Brodeur          Greg Pateryn             40     1   2  2  

Last Minutes Offensive
   Center                   Left Wing                Right Wing               Defense                  Defense                  
   Philip Varone            Tanner Pearson           Kevin Labanc             David Savard             Esa Lindell              

Last Minutes Defensive
   Center                   Left Wing                Right Wing               Defense                  Defense                  
   Philip Varone            Tanner Pearson           Kevin Labanc             David Savard             Esa Lindell              

Goaltenders
Starting : Michael Hutchinson       
Backup : Antti Raanta             

Extra Forwards
Normal : Jake DeBrusk, Matthew Nieto, Evgeny Svechnikov - PP : Evgeny Svechnikov, Matthew Nieto - PK : Ryan Spooner
Extra Defensemen
Normal : Mathieu Brodeur, Greg Pateryn, Petteri Lindbohm - PP : Greg Pateryn - PK : Mathieu Brodeur, Greg Pateryn
Penalty Shots
Tanner Pearson, Jake DeBrusk, Evgeny Svechnikov, Kevin Labanc, Victor Rask

Scratches
Rasmus Andersson (Healthy), Christian Jaros (Healthy), Trevor Carrick (Healthy), Alexander True (Healthy), Bryan Rust (Healthy)
Eric Karlsson (Healthy), John Gilmour (Healthy), Ryan Donato (Healthy), Vladislav Kamenev (Healthy), Dominik Masin (Healthy)
Brandon Hickey (Healthy), Nathan Lieuwen (Healthy), Vitek Vanecek (Healthy)

Coutelas

5 vs 5 Forward 
   Center                   Left Wing                Right Wing               Time % Phy DF OF 
 1 Tanner Richard           Teemu Pulkkinen          Oliver Bjorkstrand       40     1   2  2  
 2 Juraj Mikus              Brendan Lemieux          Rhett Rakhshani          30     1   2  2  
 3 Mike Amadio              Mattias Janmark          Kurtis Gabriel           20     1   2  2  
 4 Mikhail Grigorenko       Myles Bell               Nikita Scherbak          10     1   2  2  

5 vs 5 Defense 
   Defense                  Defense                                           Time % Phy DF OF 
 1 Dustin Kohn              Ben Harpur                                        40     1   2  2  
 2 Nick Mattson             Mike Reilly                                       30     1   2  2  
 3 Patrick Sieloff          Duncan Siemens                                    20     1   2  2  
 4 Julius Honka             Calle Andersson                                   10     1   2  2  

PowerPlay Forward 
   Center                   Left Wing                Right Wing               Time % Phy DF OF 
 1 Tanner Richard           Teemu Pulkkinen          Oliver Bjorkstrand       60     1   2  2  
 2 Juraj Mikus              Brendan Lemieux          Rhett Rakhshani          40     1   2  2  

PowerPlay Defense
   Defense                  Defense                                           Time % Phy DF OF 
 1 Dustin Kohn              Ben Harpur                                        60     1   2  2  
 2 Nick Mattson             Mike Reilly                                       40     1   2  2  

Penalty Kill 4 Players Forward 
   Center                   Wing                     Time % Phy DF OF 
 1 Tanner Richard           Teemu Pulkkinen          60     1   2  2  
 2 Juraj Mikus              Brendan Lemieux          40     1   2  2  

Penalty Kill 4 Players Defense
   Defense                  Defense                  Time % Phy DF OF 
 1 Dustin Kohn              Ben Harpur               60     1   2  2  
 2 Nick Mattson             Mike Reilly              40     1   2  2  

Penalty Kill - 3 Players Forward 
   Forward                                           Time % Phy DF OF 
 1 Tanner Richard                                    60     1   2  2  
 2 Teemu Pulkkinen                                   40     1   2  2  

Penalty Kill - 3 Players Defense
   Defense                  Defense                  Time % Phy DF OF 
 1 Dustin Kohn              Ben Harpur               60     1   2  2  
 2 Nick Mattson             Mike Reilly              40     1   2  2  

4 vs 4 Forward 
   Center                   Wing                     Time % Phy DF OF 
 1 Tanner Richard           Teemu Pulkkinen          60     1   2  2  
 2 Juraj Mikus              Brendan Lemieux          40     1   2  2  

4 vs 4 Defense
   Defense                  Defense                  Time % Phy DF OF 
 1 Dustin Kohn              Ben Harpur               60     1   2  2  
 2 Nick Mattson             Mike Reilly              40     1   2  2  

Last Minutes Offensive
   Center                   Left Wing                Right Wing               Defense                  Defense                  
   Tanner Richard           Teemu Pulkkinen          Oliver Bjorkstrand       Dustin Kohn              Ben Harpur               

Last Minutes Defensive
   Center                   Left Wing                Right Wing               Defense                  Defense                  
   Tanner Richard           Teemu Pulkkinen          Oliver Bjorkstrand       Dustin Kohn              Ben Harpur               

Goaltenders
Starting : Joe Cannata              
Backup : Ilya Samsonov            

Extra Forwards
Normal : Nick Paul, Colin White, Patrick Russell - PP : Nick Paul, Colin White - PK : Patrick Russell
Extra Defensemen
Normal : Zach Whitecloud, Patrick Sieloff, Duncan Siemens - PP : Zach Whitecloud - PK : Patrick Sieloff, Duncan Siemens
Penalty Shots
Tanner Richard, Teemu Pulkkinen, Juraj Mikus, Brendan Lemieux, Mike Amadio

Scratches
Stefan Ruzicka (Sprained Left Finger Injury), Clark Bishop (Healthy), JJ. Piccinich (Healthy), Michael Giugovaz (Healthy)

% Time on Ice - Inferno

Lines # - Real PCT - Wanted PCT - Time Play
Normal Forward
1 - 34% - 40% - 15:09
2 - 28% - 30% - 12:41
3 - 25% - 20% - 11:09
4 - 14% - 10% - 6:11
Normal Defense
1 - 42% - 40% - 18:53
2 - 31% - 30% - 13:51
3 - 21% - 20% - 9:33
4 - 6% - 10% - 2:53
PP Forward
1 - 57% - 60% - 3:25
2 - 43% - 40% - 2:32
PP Defense
1 - 59% - 60% - 3:30
2 - 41% - 40% - 2:27
PK Forward
1 - 72% - 60% - 5:50
2 - 28% - 40% - 2:16
PK Defense
1 - 55% - 60% - 4:25
2 - 45% - 40% - 3:41
PK3 Forward
1 - 0% - 60%
2 - 0% - 40%
PK3 Defense
1 - 0% - 60%
2 - 0% - 40%
44 Forward
1 - 100% - 60% - 0:08
2 - 0% - 40% - 0:00
44 Defense
1 - 100% - 60% - 0:08
2 - 0% - 40% - 0:00
Last Minute Offensive  - 0:47
Last Minute Defensive  - 0:00
Total
Forward - 60:08
Defense - 60:08

% Time on Ice - Coutelas

Lines # - Real PCT - Wanted PCT - Time Play
Normal Forward
1 - 32% - 40% - 14:34
2 - 28% - 30% - 12:41
3 - 23% - 20% - 10:32
4 - 17% - 10% - 7:35
Normal Defense
1 - 39% - 40% - 17:41
2 - 31% - 30% - 13:59
3 - 19% - 20% - 8:33
4 - 11% - 10% - 5:09
PP Forward
1 - 58% - 60% - 4:40
2 - 42% - 40% - 3:26
PP Defense
1 - 72% - 60% - 5:49
2 - 28% - 40% - 2:17
PK Forward
1 - 85% - 60% - 5:05
2 - 15% - 40% - 0:52
PK Defense
1 - 59% - 60% - 3:31
2 - 41% - 40% - 2:26
PK3 Forward
1 - 0% - 60%
2 - 0% - 40%
PK3 Defense
1 - 0% - 60%
2 - 0% - 40%
44 Forward
1 - 100% - 60% - 0:08
2 - 0% - 40% - 0:00
44 Defense
1 - 100% - 60% - 0:08
2 - 0% - 40% - 0:00
Last Minute Offensive  - 0:00
Last Minute Defensive  - 0:35
Total
Forward - 60:08
Defense - 60:08

Play-by-Play

1st period


0:01 of 1st period - Philip Varone wins face-off versus Teemu Pulkkinen in neutral zone.
0:04 of 1st period - Slapshot by Tanner Pearson.
0:04 of 1st period - Shot Misses the Net.
0:06 of 1st period - Slapshot by David Savard.
0:06 of 1st period - Deflect By Kevin Labanc.
0:06 of 1st period - Shot Misses the Net.
0:06 of 1st period - Puck is out of play.
0:07 of 1st period - Tanner Richard wins face-off versus Philip Varone in Coutelas zone.
0:07 of 1st period - Tanner Richard is hit by Esa Lindell.
1:19 of 1st period - Off-side.
1:20 of 1st period - Philip Varone wins face-off versus Teemu Pulkkinen in neutral zone.
1:25 of 1st period - Snap shot by Kevin Labanc.
1:25 of 1st period - Shot Misses the Net.
2:13 of 1st period - Snap shot by Mattias Janmark.
2:13 of 1st period - Shot Misses the Net.
2:17 of 1st period - Wrist shot by Kurtis Gabriel.
2:17 of 1st period - Stopped by Michael Hutchinson with a rebound.
2:27 of 1st period - Petteri Lindbohm is hit by Dustin Kohn.
2:47 of 1st period - Tanner Richard is hit by Greg Pateryn.
3:29 of 1st period - David Savard is hit by Patrick Sieloff and loses puck.
3:50 of 1st period - Chris Brown is hit by Myles Bell and loses puck.
4:15 of 1st period - Snap shot by Oliver Bjorkstrand.
4:15 of 1st period - Goal by Oliver Bjorkstrand - Inferno : 0 - Coutelas : 1.
4:16 of 1st period - Philip Varone wins face-off versus Tanner Richard in neutral zone.
4:37 of 1st period - Minor Penalty to Greg Pateryn for High sticking.
4:38 of 1st period - Philip Varone wins face-off versus Tanner Richard in Inferno zone.
4:38 of 1st period - Philip Varone is hit by Ben Harpur.
4:46 of 1st period - Wrist shot by Teemu Pulkkinen.
4:46 of 1st period - Stopped by Michael Hutchinson with a rebound.
6:37 of 1st period - Penalty to Greg Pateryn is over, Greg Pateryn is back on ice.
7:07 of 1st period - Snap shot by Matthew Nieto.
7:07 of 1st period - Shot Blocked by Mikhail Grigorenko.
7:15 of 1st period - Matthew Nieto is hit by Nick Mattson.
7:27 of 1st period - Mike Reilly is hit by Greg Pateryn and loses puck.
9:18 of 1st period - Slapshot by Philip Varone.
9:18 of 1st period - Shot Misses the Net.
9:20 of 1st period - Wrist shot by Kevin Labanc.
9:20 of 1st period - Stopped by Joe Cannata without a rebound.
9:21 of 1st period - Philip Varone wins face-off versus Mike Amadio in Coutelas zone.
9:22 of 1st period - Snap shot by Tanner Pearson.
9:22 of 1st period - Shot Blocked by Dustin Kohn.
9:24 of 1st period - Wrist shot by Kevin Labanc.
9:24 of 1st period - Stopped by Joe Cannata with a rebound.
9:26 of 1st period - Snap shot by Philip Varone.
9:26 of 1st period - Stopped by Joe Cannata with a rebound.
10:03 of 1st period - Snap shot by Brendan Lemieux.
10:03 of 1st period - Stopped by Michael Hutchinson with a rebound.
10:33 of 1st period - Slapshot by Chris Brown.
10:33 of 1st period - Shot Blocked by Mike Reilly.
10:49 of 1st period - Snap shot by Oliver Bjorkstrand.
10:49 of 1st period - Shot Blocked by Greg Pateryn.
11:05 of 1st period - Snap shot by Brendan Lemieux.
11:05 of 1st period - Shot Misses the Net.
11:21 of 1st period - Victor Rask is hit by Patrick Sieloff.
11:39 of 1st period - Frank Corrado is hit by Oliver Bjorkstrand.
11:43 of 1st period - Tanner Richard is hit by Tanner Pearson and loses puck.
12:23 of 1st period - Wrist shot by Jake DeBrusk.
12:23 of 1st period - Shot Misses the Net.
12:29 of 1st period - Wrist shot by Ryan Spooner.
12:29 of 1st period - Stopped by Joe Cannata without a rebound.
12:30 of 1st period - Tanner Richard wins face-off versus Philip Varone in Coutelas zone.
12:30 of 1st period - Tanner Richard is hit by Philip Varone.
13:20 of 1st period - Wrist shot by Mattias Janmark.
13:20 of 1st period - Stopped by Michael Hutchinson with a rebound.
13:26 of 1st period - Slapshot by Mike Amadio.
13:26 of 1st period - Stopped by Michael Hutchinson without a rebound.
13:27 of 1st period - Tanner Richard wins face-off versus Philip Varone in Inferno zone.
13:28 of 1st period - Wrist shot by Oliver Bjorkstrand.
13:28 of 1st period - Shot Blocked by Tanner Pearson.
13:40 of 1st period - Wrist shot by Kevin Labanc.
13:40 of 1st period - Stopped by Joe Cannata with a rebound.
13:52 of 1st period - Tanner Richard is hit by Jake DeBrusk and loses puck.
14:15 of 1st period - Rhett Rakhshani is hit by Greg Pateryn and loses puck.
14:42 of 1st period - Wrist shot by Kevin Labanc.
14:42 of 1st period - Shot Misses the Net.
14:44 of 1st period - Slapshot by Petteri Lindbohm.
14:44 of 1st period - Stopped by Joe Cannata without a rebound.
14:45 of 1st period - Juraj Mikus wins face-off versus Victor Rask in Coutelas zone.
14:50 of 1st period - Snap shot by Juraj Mikus.
14:50 of 1st period - Shot Misses the Net.
15:35 of 1st period - Slapshot by Ryan Spooner.
15:35 of 1st period - Stopped by Joe Cannata without a rebound.
15:36 of 1st period - Ryan Spooner wins face-off versus Juraj Mikus in Coutelas zone.
15:41 of 1st period - Snap shot by Ryan Spooner.
15:41 of 1st period - Shot Blocked by Ben Harpur.
15:49 of 1st period - Snap shot by Brendan Lemieux.
15:49 of 1st period - Stopped by Michael Hutchinson with a rebound.
16:41 of 1st period - Off-side.
16:42 of 1st period - Tanner Richard wins face-off versus Philip Varone in neutral zone.
16:59 of 1st period - David Savard is hit by Teemu Pulkkinen.
17:30 of 1st period - Wrist shot by Mikhail Grigorenko.
17:30 of 1st period - Stopped by Michael Hutchinson without a rebound.
17:31 of 1st period - Chris Brown wins face-off versus Mikhail Grigorenko in Inferno zone.
17:40 of 1st period - Slapshot by Mikhail Grigorenko.
17:40 of 1st period - Stopped by Michael Hutchinson without a rebound.
17:41 of 1st period - Tanner Richard wins face-off versus Philip Varone in Inferno zone.
18:34 of 1st period - Slapshot by Mattias Janmark.
18:34 of 1st period - Shot Blocked by Chris Brown.
18:40 of 1st period - Minor Penalty to Greg Pateryn for Holding.
18:41 of 1st period - Teemu Pulkkinen wins face-off versus Philip Varone in Inferno zone.
18:50 of 1st period - Snap shot by Tanner Richard.
18:50 of 1st period - Shot Misses the Net.
18:52 of 1st period - Slapshot by Ben Harpur.
18:52 of 1st period - Deflect By Teemu Pulkkinen.
18:52 of 1st period - Shot Blocked by Esa Lindell.
18:52 of 1st period - Puck is out of play.
18:53 of 1st period - Philip Varone wins face-off versus Tanner Richard in Inferno zone.
18:53 of 1st period - Philip Varone is hit by Tanner Richard.
19:27 of 1st period - Snap shot by Juraj Mikus.
19:27 of 1st period - Stopped by Michael Hutchinson without a rebound.
19:28 of 1st period - Philip Varone wins face-off versus Tanner Richard in Inferno zone.
19:37 of 1st period - Ryan Spooner is hit by Tanner Richard.
Goals for this period are 0 for Inferno vs 1 for Coutelas.
Shots for this period are 7 for Inferno vs 10 for Coutelas.

2nd period


0:01 of 2nd period - Tanner Richard wins face-off versus Philip Varone in neutral zone.
0:40 of 2nd period - Penalty to Greg Pateryn is over, Greg Pateryn is back on ice.
2:08 of 2nd period - Minor Penalty to David Savard for Roughing.
2:09 of 2nd period - Tanner Richard wins face-off versus Philip Varone in Inferno zone.
2:14 of 2nd period - Slapshot by Tanner Richard.
2:14 of 2nd period - Stopped by Michael Hutchinson with a rebound.
2:16 of 2nd period - Slapshot by Dustin Kohn.
2:16 of 2nd period - Shot Misses the Net.
2:18 of 2nd period - Wrist shot by Teemu Pulkkinen.
2:18 of 2nd period - Goal by Teemu Pulkkinen - Inferno : 0 - Coutelas : 2.
2:19 of 2nd period - Philip Varone wins face-off versus Tanner Richard in neutral zone.
2:44 of 2nd period - Esa Lindell is hit by Ben Harpur and loses puck.
3:11 of 2nd period - Mattias Janmark is hit by David Savard and loses puck.
3:30 of 2nd period - Wrist shot by Barclay Goodrow.
3:30 of 2nd period - Stopped by Joe Cannata with a rebound.
3:32 of 2nd period - Backhand shot by Barclay Goodrow.
3:32 of 2nd period - Shot Misses the Net.
3:34 of 2nd period - Slapshot by Mathieu Brodeur.
3:34 of 2nd period - Stopped by Joe Cannata with a rebound.
3:44 of 2nd period - Mikhail Grigorenko is hit by Philip Varone.
4:04 of 2nd period - Snap shot by Dustin Kohn.
4:04 of 2nd period - Shot Misses the Net.
4:06 of 2nd period - Snap shot by Mikhail Grigorenko.
4:06 of 2nd period - Shot Misses the Net.
4:08 of 2nd period - Slapshot by Ben Harpur.
4:08 of 2nd period - Shot Hit the Post.
4:10 of 2nd period - Slapshot by Julius Honka.
4:10 of 2nd period - Stopped by Michael Hutchinson with a rebound.
4:12 of 2nd period - Snap shot by Mikhail Grigorenko.
4:12 of 2nd period - Shot Blocked by Mathieu Brodeur.
4:14 of 2nd period - Slapshot by Julius Honka.
4:14 of 2nd period - Deflect By Mikhail Grigorenko.
4:14 of 2nd period - Shot Misses the Net.
4:14 of 2nd period - Puck is out of play.
4:15 of 2nd period - Tanner Richard wins face-off versus Victor Rask in Inferno zone.
4:48 of 2nd period - Snap shot by Brendan Lemieux.
4:48 of 2nd period - Shot Blocked by Frank Corrado.
5:14 of 2nd period - Wrist shot by Brendan Lemieux.
5:14 of 2nd period - Stopped by Michael Hutchinson without a rebound.
5:15 of 2nd period - Tanner Richard wins face-off versus Philip Varone in Inferno zone.
5:26 of 2nd period - Wrist shot by Teemu Pulkkinen.
5:26 of 2nd period - Shot Blocked by Kevin Labanc.
5:42 of 2nd period - Matthew Nieto is hit by Ben Harpur and loses puck.
5:47 of 2nd period - Snap shot by Mikhail Grigorenko.
5:47 of 2nd period - Stopped by Michael Hutchinson without a rebound.
5:48 of 2nd period - Nikita Scherbak wins face-off versus Victor Rask in Inferno zone.
6:26 of 2nd period - Wrist shot by Mikhail Grigorenko.
6:26 of 2nd period - Shot Blocked by Victor Rask.
6:28 of 2nd period - Slapshot by Mike Reilly.
6:28 of 2nd period - Deflect By Myles Bell.
6:28 of 2nd period - Shot Blocked by Tyler Shattock.
6:28 of 2nd period - Puck is out of play.
6:29 of 2nd period - Philip Varone wins face-off versus Tanner Richard in Inferno zone.
6:58 of 2nd period - Snap shot by Juraj Mikus.
6:58 of 2nd period - Stopped by Michael Hutchinson with a rebound.
7:00 of 2nd period - Wrist shot by Juraj Mikus.
7:00 of 2nd period - Stopped by Michael Hutchinson with a rebound.
7:02 of 2nd period - Backhand shot by Brendan Lemieux.
7:02 of 2nd period - Stopped by Michael Hutchinson without a rebound.
7:03 of 2nd period - Tanner Richard wins face-off versus Philip Varone in Inferno zone.
7:04 of 2nd period - Snap shot by Teemu Pulkkinen.
7:04 of 2nd period - Stopped by Michael Hutchinson with a rebound.
7:30 of 2nd period - Victor Rask is hit by Dustin Kohn and loses puck.
7:37 of 2nd period - Snap shot by Brendan Lemieux.
7:37 of 2nd period - Shot Misses the Net.
7:39 of 2nd period - Wrist shot by Juraj Mikus.
7:39 of 2nd period - Shot Misses the Net.
7:55 of 2nd period - Slapshot by Esa Lindell.
7:55 of 2nd period - Stopped by Joe Cannata with a rebound.
8:40 of 2nd period - Snap shot by Kevin Labanc.
8:40 of 2nd period - Stopped by Joe Cannata with a rebound.
8:42 of 2nd period - Slapshot by Philip Varone.
8:42 of 2nd period - Stopped by Joe Cannata without a rebound.
8:43 of 2nd period - Philip Varone wins face-off versus Tanner Richard in Coutelas zone.
8:44 of 2nd period - Snap shot by Kevin Labanc.
8:44 of 2nd period - Stopped by Joe Cannata without a rebound.
8:45 of 2nd period - Tanner Richard wins face-off versus Philip Varone in Coutelas zone.
8:57 of 2nd period - Snap shot by Kevin Labanc.
8:57 of 2nd period - Stopped by Joe Cannata without a rebound.
8:58 of 2nd period - Philip Varone wins face-off versus Tanner Richard in Coutelas zone.
8:59 of 2nd period - Wrist shot by Kevin Labanc.
8:59 of 2nd period - Shot Blocked by Ben Harpur.
9:25 of 2nd period - Ben Harpur is hit by Matthew Nieto and loses puck.
9:50 of 2nd period - Snap shot by Brendan Lemieux.
9:50 of 2nd period - Stopped by Michael Hutchinson without a rebound.
9:51 of 2nd period - Tanner Richard wins face-off versus Chris Brown in Inferno zone.
9:52 of 2nd period - Snap shot by Teemu Pulkkinen.
9:52 of 2nd period - Stopped by Michael Hutchinson with a rebound.
9:54 of 2nd period - Minor Penalty to Frank Corrado for Holding.
9:55 of 2nd period - Tanner Richard wins face-off versus Philip Varone in Inferno zone.
11:21 of 2nd period - Barclay Goodrow is hit by Rhett Rakhshani and loses puck.
11:48 of 2nd period - Nick Paul is hit by Philip Varone and loses puck.
11:54 of 2nd period - Penalty to Frank Corrado is over, Frank Corrado is back on ice.
12:03 of 2nd period - Petteri Lindbohm is hit by Mike Reilly and loses puck.
12:41 of 2nd period - Jake DeBrusk is hit by Nikita Scherbak and loses puck.
13:42 of 2nd period - Off-side.
13:43 of 2nd period - Mikhail Grigorenko wins face-off versus Ryan Spooner in neutral zone.
13:50 of 2nd period - Slapshot by Esa Lindell.
13:50 of 2nd period - Stopped by Joe Cannata without a rebound.
13:51 of 2nd period - Mikhail Grigorenko wins face-off versus Philip Varone in Coutelas zone.
13:51 of 2nd period - Mikhail Grigorenko is hit by Tanner Pearson.
13:54 of 2nd period - Dustin Kohn is hit by Tanner Pearson and loses puck.
14:07 of 2nd period - Slapshot by Mikhail Grigorenko.
14:07 of 2nd period - Stopped by Michael Hutchinson without a rebound.
14:08 of 2nd period - Victor Rask wins face-off versus Tanner Richard in Inferno zone.
14:08 of 2nd period - Victor Rask is hit by Teemu Pulkkinen.
14:27 of 2nd period - Matthew Nieto is hit by Dustin Kohn and loses puck.
14:34 of 2nd period - Tanner Richard is hit by Victor Rask.
14:48 of 2nd period - Snap shot by Tanner Richard.
14:48 of 2nd period - Stopped by Michael Hutchinson with a rebound.
14:53 of 2nd period - Off-side.
14:54 of 2nd period - Juraj Mikus wins face-off versus Philip Varone in neutral zone.
14:57 of 2nd period - Kevin Labanc is hit by Rhett Rakhshani and loses puck.
15:16 of 2nd period - Patrick Sieloff is hit by Mathieu Brodeur and loses puck.
15:50 of 2nd period - Minor Penalty to Greg Pateryn for Holding Stick.
15:51 of 2nd period - Philip Varone wins face-off versus Tanner Richard in Inferno zone.
16:16 of 2nd period - Barclay Goodrow is hit by Dustin Kohn and loses puck.
16:47 of 2nd period - Tanner Richard is hit by Frank Corrado and loses puck.
17:42 of 2nd period - Juraj Mikus is hit by Esa Lindell and loses puck.
17:50 of 2nd period - Penalty to Greg Pateryn is over, Greg Pateryn is back on ice.
18:01 of 2nd period - Slapshot by Mattias Janmark.
18:01 of 2nd period - Stopped by Michael Hutchinson with a rebound.
18:03 of 2nd period - Wrist shot by Kurtis Gabriel.
18:03 of 2nd period - Deflect By Mike Amadio.
18:03 of 2nd period - Shot Misses the Net.
18:03 of 2nd period - Puck is out of play.
18:04 of 2nd period - Tanner Pearson wins face-off versus Mike Amadio in Inferno zone.
18:47 of 2nd period - Off-side.
18:48 of 2nd period - Victor Rask wins face-off versus Tanner Richard in neutral zone.
19:14 of 2nd period - Philip Varone is hit by Dustin Kohn.
19:34 of 2nd period - Slapshot by Esa Lindell.
19:34 of 2nd period - Shot Blocked by Myles Bell.
19:36 of 2nd period - Slapshot by David Savard.
19:36 of 2nd period - Shot Misses the Net.
19:38 of 2nd period - Snap shot by Esa Lindell.
19:38 of 2nd period - Shot Blocked by Nick Mattson.
19:40 of 2nd period - Slapshot by Esa Lindell.
19:40 of 2nd period - Goal by Esa Lindell - Inferno : 1 - Coutelas : 2.
19:41 of 2nd period - Tanner Richard wins face-off versus Philip Varone in neutral zone.
19:54 of 2nd period - Snap shot by Tanner Richard.
19:54 of 2nd period - Shot Misses the Net.
Goals for this period are 1 for Inferno vs 1 for Coutelas.
Shots for this period are 9 for Inferno vs 14 for Coutelas.

3rd period


0:01 of 3rd period - Tanner Richard wins face-off versus Philip Varone in neutral zone.
0:26 of 3rd period - Ben Harpur is hit by David Savard.
0:38 of 3rd period - Slapshot by Tanner Richard.
0:38 of 3rd period - Shot Blocked by Esa Lindell.
0:40 of 3rd period - Wrist shot by Tanner Richard.
0:40 of 3rd period - Goal by Tanner Richard - Inferno : 1 - Coutelas : 3.
0:41 of 3rd period - Juraj Mikus wins face-off versus Philip Varone in neutral zone.
0:54 of 3rd period - Wrist shot by Tanner Pearson.
0:54 of 3rd period - Stopped by Joe Cannata with a rebound.
0:56 of 3rd period - Slapshot by Greg Pateryn.
0:56 of 3rd period - Deflect By Juraj Mikus.
0:56 of 3rd period - Stopped by Joe Cannata with a rebound.
1:25 of 3rd period - Minor Penalty to Ben Harpur for Roughing.
1:26 of 3rd period - Tanner Richard wins face-off versus Victor Rask in Coutelas zone.
1:26 of 3rd period - Tanner Richard is hit by Esa Lindell.
1:36 of 3rd period - Slapshot by Esa Lindell.
1:36 of 3rd period - Stopped by Joe Cannata with a rebound.
1:43 of 3rd period - Icing by Esa Lindell.
1:44 of 3rd period - Tanner Richard wins face-off versus Victor Rask in Inferno zone.
3:25 of 3rd period - Penalty to Ben Harpur is over, Ben Harpur is back on ice.
3:37 of 3rd period - Wrist shot by Barclay Goodrow.
3:37 of 3rd period - Shot Blocked by Ben Harpur.
3:39 of 3rd period - Wrist shot by Barclay Goodrow.
3:39 of 3rd period - Stopped by Joe Cannata with a rebound.
3:41 of 3rd period - Snap shot by Peter Cehlarik.
3:41 of 3rd period - Shot Misses the Net.
3:43 of 3rd period - Snap shot by Chris Brown.
3:43 of 3rd period - Shot Hit the Post.
3:45 of 3rd period - Wrist shot by Barclay Goodrow.
3:45 of 3rd period - Stopped by Joe Cannata with a rebound.
4:00 of 3rd period - Snap shot by Ben Harpur.
4:00 of 3rd period - Shot Misses the Net.
4:12 of 3rd period - Snap shot by Mikhail Grigorenko.
4:12 of 3rd period - Stopped by Michael Hutchinson without a rebound.
4:13 of 3rd period - Juraj Mikus wins face-off versus Ryan Spooner in Inferno zone.
4:38 of 3rd period - Mike Reilly is hit by Tanner Pearson and loses puck.
4:47 of 3rd period - Snap shot by Kevin Labanc.
4:47 of 3rd period - Stopped by Joe Cannata without a rebound.
4:48 of 3rd period - Juraj Mikus wins face-off versus Philip Varone in Coutelas zone.
4:55 of 3rd period - Duncan Siemens is hit by Mathieu Brodeur.
4:59 of 3rd period - Snap shot by Brendan Lemieux.
4:59 of 3rd period - Shot Misses the Net.
5:13 of 3rd period - Greg Pateryn is hit by Kurtis Gabriel and loses puck.
5:18 of 3rd period - Snap shot by Dustin Kohn.
5:18 of 3rd period - Shot Blocked by Matthew Nieto.
5:20 of 3rd period - Wrist shot by Mike Amadio.
5:20 of 3rd period - Shot Blocked by Greg Pateryn.
5:22 of 3rd period - Slapshot by Dustin Kohn.
5:22 of 3rd period - Stopped by Michael Hutchinson with a rebound.
5:24 of 3rd period - Slapshot by Ben Harpur.
5:24 of 3rd period - Stopped by Michael Hutchinson without a rebound.
5:25 of 3rd period - Mikhail Grigorenko wins face-off versus Philip Varone in Inferno zone.
6:06 of 3rd period - Minor Penalty to Dustin Kohn for Hooking.
6:07 of 3rd period - Tanner Richard wins face-off versus Victor Rask in Coutelas zone.
8:06 of 3rd period - Penalty to Dustin Kohn is over, Dustin Kohn is back on ice.
8:47 of 3rd period - Snap shot by Juraj Mikus.
8:47 of 3rd period - Shot Misses the Net.
10:04 of 3rd period - Wrist shot by Tanner Richard.
10:04 of 3rd period - Stopped by Michael Hutchinson without a rebound.
10:05 of 3rd period - Tanner Richard wins face-off versus Victor Rask in Inferno zone.
10:46 of 3rd period - Wrist shot by Mike Amadio.
10:46 of 3rd period - Stopped by Michael Hutchinson with a rebound.
11:08 of 3rd period - Slapshot by Peter Cehlarik.
11:08 of 3rd period - Stopped by Joe Cannata without a rebound.
11:09 of 3rd period - Tanner Richard wins face-off versus Chris Brown in Coutelas zone.
11:11 of 3rd period - Icing by Oliver Bjorkstrand.
11:12 of 3rd period - Philip Varone wins face-off versus Tanner Richard in Coutelas zone.
11:25 of 3rd period - Wrist shot by Philip Varone.
11:25 of 3rd period - Shot Misses the Net.
11:27 of 3rd period - Wrist shot by Kevin Labanc.
11:27 of 3rd period - Deflect By Dustin Kohn.
11:27 of 3rd period - Stopped by Joe Cannata with a rebound.
11:37 of 3rd period - Slapshot by Matthew Nieto.
11:37 of 3rd period - Deflect By Tyler Shattock.
11:37 of 3rd period - Stopped by Joe Cannata without a rebound.
11:38 of 3rd period - Juraj Mikus wins face-off versus Victor Rask in Coutelas zone.
12:10 of 3rd period - Snap shot by Dustin Kohn.
12:10 of 3rd period - Stopped by Michael Hutchinson without a rebound.
12:11 of 3rd period - Philip Varone wins face-off versus Tanner Richard in Inferno zone.
12:16 of 3rd period - Wrist shot by Tanner Richard.
12:16 of 3rd period - Stopped by Michael Hutchinson without a rebound.
12:17 of 3rd period - Philip Varone wins face-off versus Tanner Richard in Inferno zone.
12:27 of 3rd period - Tanner Pearson is hit by Oliver Bjorkstrand and loses puck.
13:56 of 3rd period - Slapshot by Greg Pateryn.
13:56 of 3rd period - Deflect By Tanner Richard.
13:56 of 3rd period - Stopped by Joe Cannata without a rebound.
13:57 of 3rd period - Juraj Mikus wins face-off versus Philip Varone in Coutelas zone.
14:21 of 3rd period - Icing by Tanner Pearson.
14:22 of 3rd period - Philip Varone wins face-off versus Tanner Richard in Inferno zone.
14:22 of 3rd period - Philip Varone is hit by Dustin Kohn.
14:36 of 3rd period - Snap shot by Matthew Nieto.
14:36 of 3rd period - Deflect By Tyler Shattock.
14:36 of 3rd period - Shot Misses the Net.
14:36 of 3rd period - Puck is out of play.
14:37 of 3rd period - Philip Varone wins face-off versus Juraj Mikus in Coutelas zone.
14:42 of 3rd period - Slapshot by Philip Varone.
14:42 of 3rd period - Stopped by Joe Cannata with a rebound.
14:44 of 3rd period - Slapshot by Frank Corrado.
14:44 of 3rd period - Stopped by Joe Cannata without a rebound.
14:45 of 3rd period - Philip Varone wins face-off versus Juraj Mikus in Coutelas zone.
14:48 of 3rd period - Snap shot by Kevin Labanc.
14:48 of 3rd period - Deflect By Philip Varone.
14:48 of 3rd period - Stopped by Joe Cannata with a rebound.
14:50 of 3rd period - Wrist shot by Tanner Pearson.
14:50 of 3rd period - Shot Misses the Net.
14:52 of 3rd period - Slapshot by Kevin Labanc.
14:52 of 3rd period - Shot Misses the Net.
15:00 of 3rd period - Snap shot by Kevin Labanc.
15:00 of 3rd period - Shot Blocked by Dustin Kohn.
15:10 of 3rd period - Snap shot by Juraj Mikus.
15:10 of 3rd period - Shot Blocked by Jake DeBrusk.
15:18 of 3rd period - Icing by Petteri Lindbohm.
15:19 of 3rd period - Teemu Pulkkinen wins face-off versus Ryan Spooner in Inferno zone.
15:32 of 3rd period - Slapshot by Oliver Bjorkstrand.
15:32 of 3rd period - Stopped by Michael Hutchinson with a rebound.
15:34 of 3rd period - Snap shot by Oliver Bjorkstrand.
15:34 of 3rd period - Stopped by Michael Hutchinson with a rebound.
15:44 of 3rd period - Evgeny Svechnikov is hit by Juraj Mikus and loses puck.
15:57 of 3rd period - Slapshot by Ryan Spooner.
15:57 of 3rd period - Goal by Ryan Spooner - Inferno : 2 - Coutelas : 3.
15:58 of 3rd period - Mike Amadio wins face-off versus Philip Varone in neutral zone.
16:03 of 3rd period - Wrist shot by Kurtis Gabriel.
16:03 of 3rd period - Shot Misses the Net.
16:05 of 3rd period - Slapshot by Kurtis Gabriel.
16:05 of 3rd period - Shot Blocked by David Savard.
16:07 of 3rd period - Snap shot by Mattias Janmark.
16:07 of 3rd period - Shot Blocked by Kevin Labanc.
16:09 of 3rd period - Slapshot by Ben Harpur.
16:09 of 3rd period - Shot Misses the Net.
16:11 of 3rd period - Wrist shot by Kurtis Gabriel.
16:11 of 3rd period - Shot Misses the Net.
16:13 of 3rd period - Snap shot by Kurtis Gabriel.
16:13 of 3rd period - Deflect By Mattias Janmark.
16:13 of 3rd period - Stopped by Michael Hutchinson without a rebound.
16:14 of 3rd period - Ryan Spooner wins face-off versus Tanner Richard in Inferno zone.
16:22 of 3rd period - Minor Penalty to Teemu Pulkkinen for Tripping.
16:23 of 3rd period - Tanner Richard wins face-off versus Tanner Pearson in Coutelas zone.
18:22 of 3rd period - Penalty to Teemu Pulkkinen is over, Teemu Pulkkinen is back on ice.
18:50 of 3rd period - Wrist shot by Mike Amadio.
18:50 of 3rd period - Shot Misses the Net.
18:52 of 3rd period - Snap shot by Mike Amadio.
18:52 of 3rd period - Stopped by Michael Hutchinson with a rebound.
18:54 of 3rd period - Slapshot by Mike Amadio.
18:54 of 3rd period - Stopped by Michael Hutchinson with a rebound.
18:56 of 3rd period - Snap shot by Mike Amadio.
18:56 of 3rd period - Stopped by Michael Hutchinson with a rebound.
19:06 of 3rd period - Inferno, Michael Hutchinson is pulled from the net.
19:12 of 3rd period - Slapshot by Tanner Pearson.
19:12 of 3rd period - Stopped by Joe Cannata with a rebound.
19:14 of 3rd period - Wrist shot by Tanner Pearson.
19:14 of 3rd period - Shot Misses the Net.
19:30 of 3rd period - Snap shot by Tanner Pearson.
19:30 of 3rd period - Shot Misses the Net.
19:32 of 3rd period - Slapshot by Tanner Pearson.
19:32 of 3rd period - Shot Misses the Net.
19:34 of 3rd period - Slapshot by Frank Corrado.
19:34 of 3rd period - Goal by Frank Corrado - Inferno : 3 - Coutelas : 3.
19:34 of 3rd period - Michael Hutchinson from Inferno was sent back in the game.
19:35 of 3rd period - Mike Amadio wins face-off versus Philip Varone in neutral zone.
19:45 of 3rd period - Slapshot by Kurtis Gabriel.
19:45 of 3rd period - Deflect By Mattias Janmark.
19:45 of 3rd period - Shot Misses the Net.
19:45 of 3rd period - Puck is out of play.
19:46 of 3rd period - Philip Varone wins face-off versus Mike Amadio in Inferno zone.
19:46 of 3rd period - Philip Varone is hit by Kurtis Gabriel.
19:52 of 3rd period - Mike Reilly is hit by Philip Varone and loses puck.
19:59 of 3rd period - Snap shot by Mattias Janmark.
19:59 of 3rd period - Stopped by Michael Hutchinson with a rebound.
Goals for this period are 2 for Inferno vs 1 for Coutelas.
Shots for this period are 16 for Inferno vs 15 for Coutelas.

Overtime #1


0:01 of 1st overtime period - Philip Varone wins face-off versus Tanner Richard in neutral zone.
0:06 of 1st overtime period - Wrist shot by Philip Varone.
0:06 of 1st overtime period - Shot Misses the Net.
0:08 of 1st overtime period - Wrist shot by Philip Varone.
0:08 of 1st overtime period - Goal by Philip Varone - Inferno : 4 - Coutelas : 3.
Goals for this period are 1 for Inferno vs 0 for Coutelas.
Shots for this period are 1 for Inferno vs 0 for Coutelas.